 Dungeon Crawl Stone Soup version 0.22-a0-402-ga933591 (webtiles) character file.

112 Mgcat the Ruffian (level 4, 0/35 HPs)
             Began as a Draconian Transmuter on May 6, 2018.
             Was a Follower of Vehumet.
             Slain by an ogre
             ... wielding a +0 giant club
              (15 damage)
             ... on level 3 of the Dungeon.
             The game lasted 00:04:19 (1845 turns).

Mgcat the Ruffian (Draconian Transmuter)            Turns: 1845, Time: 00:04:20

Health: 0/35       AC:  5    Str: 13    XL:     4   Next: 63%
Magic:  4/7        EV: 12    Int: 14    God:    Vehumet [*.....]
Gold:   107        SH:  2    Dex: 11    Spells: 4/7 levels left

rFire    . . .     SeeInvis .     - Unarmed
rCold    . . .     Gourm    .   (no shield)
rNeg     . . .     Faith    .   (armour unavailable)
rPois    .         Spirit   .   (helmet restricted)
rElec    .         Reflect  +   (no cloak)
rCorr    .         Harm     .   (no gloves)
MR       .....                  (no boots)
Stlth    +.........             q - +2 amulet of reflection
HPRegen  0.11/turn              (no ring)
MPRegen  0.10/turn              (no ring)

@: appendage (expiring)
A: unfitting armour, horns 2, cold-blooded, AC +5
a: End Transformation, Renounce Religion


You were on level 3 of the Dungeon.
You worshipped Vehumet.
Vehumet was aware of your devotion.
You were not hungry.
You had grown temporary horns.
You visited 1 branch of the dungeon, and saw 3 of its levels.

You collected 107 gold pieces.

Inventory:

Missiles
 a - 69 arrows
Jewellery
 q - a +2 amulet of reflection (around neck)
   (You found it on level 2 of the Dungeon)
Scrolls
 b - 5 scrolls of identify {unknown}
 e - a scroll of enchant weapon {unknown}
 f - a scroll of remove curse {unknown}
 g - a scroll of amnesia {unknown}
 h - 4 scrolls of teleportation {unknown}
 l - 2 scrolls of fear {unknown}
 m - a scroll of noise {unknown}
 r - a scroll of immolation {unknown}
 s - a scroll of blinking {unknown}
Potions
 d - 5 potions of curing {unknown}
 i - a potion of might {unknown}
 j - a potion of heal wounds {unknown}
 k - a potion of brilliance {unknown}
 n - 3 potions of agility {unknown}
 p - a potion of haste {unknown}
 t - a potion of magic {unknown}
Comestibles
 c - 4 rations
 o - 6 chunks of flesh {@w0}


   Skills:
 - Level 1.1 Fighting
 - Level 1.7 Dodging
 + Level 5.4 Unarmed Combat
 - Level 2.0 Spellcasting
 - Level 2.0 Transmutations


You had 4 spell levels left.
You knew the following spells:

 Your Spells              Type           Power        Failure   Level  Hunger
a - Beastly Appendage     Tmut           #.....       11%         1    ##.....
b - Sticks to Snakes      Tmut           #.......     16%         2    ###....


Dungeon Overview and Level Annotations

Branches:
Dungeon (3/15)

Altars:
Vehumet


Innate Abilities, Weirdness & Mutations

Your plain brown scales are hard. (AC +5)
You cannot fit into any form of body armour.
You are cold-blooded and may be slowed by cold attacks.
You have a pair of horns on your head.


Message History

Your ball python bites the giant cockroach.
Your ball python barely misses the giant cockroach.
You punch the giant cockroach!
You kill the giant cockroach!
Vehumet accepts your kill.
There is a stone staircase leading up, spattered with blood here.
Items here: ))) [[ ††† You climb upwards.
Your summoned ally is left behind.
There is a stone staircase leading down here.
Magic restored.
Your magical contamination has completely faded away.
Eating a chunk of flesh {@w0}.
You eat the chunk of flesh {@w0}.
This raw flesh tastes terrible.
Key pressed, stopping explore.
Key pressed, stopping explore.
HP restored.
Done exploring.
Done exploring.
Done exploring.
Done exploring.
You start resting.
HP restored.
You climb downwards.
There is a stone staircase leading up, spattered with blood here.
Items here: ))) [[ ††† You butcher the quokka corpse.
o - 2 chunks of flesh {@w0} You butcher the orc corpse.
o - 5 chunks of flesh {@w0} (gained 3)
You butcher the orc corpse.
o - 6 chunks of flesh {@w0} (gained 1)
There is a stone staircase leading up, spattered with blood here.
Items here: ))) [[ ÷ a leather armour; a dagger of protection; a club; a ring mail; a club a quokka skeleton
There is a stone staircase leading up, spattered with blood here.
Items here: ))) [[ ÷ a leather armour; a dagger of protection; a club; a ring mail; a club a quokka skeleton A goblin comes into view.
The goblin shouts!
Things that are here:
a dagger; an orc corpse A goblin is nearby!
You hit the goblin but do no damage. You closely miss the goblin.
Your tail-slap misses the goblin.
The goblin hits you.
You barely miss the goblin. The goblin closely misses you.
You closely miss the goblin. The goblin hits you but does no damage.
You closely miss the goblin. The goblin hits you.
You barely miss the goblin. The goblin barely misses you.
You closely miss the goblin. The goblin barely misses you.
You hit the goblin but do no damage.
Your tail-slap misses the goblin.
The goblin barely misses you.
You barely miss the goblin. The goblin misses you.
You closely miss the goblin. The dart slug launches a dart at you.
The slug dart misses you.
You hit the goblin.
The goblin is severely wounded.
The goblin hits you.
You hit the goblin.
You kill the goblin!
Vehumet accepts your kill. The dart slug launches a dart at you.
The slug dart hits you!
Casting: Sticks to Snakes (safe; 16% risk of failure)
Confirm with . or Enter, or press ? or * to list all spells.
You grow a pair of large bovine horns.
The hobgoblin shouts!
The dart slug bites you but does no damage.
The ogre shouts!
You hit the dart slug but do no damage.
You hear a shout!
The dart slug closely misses you.
Casting: Beastly Appendage (safe; 11% risk of failure)
Confirm with . or Enter, or press ? or * to list all spells.
You create a snake!
You now have 69 arrows.
The dart slug bites you but does no damage.
A kobold comes into view. It is wielding a club.
Your ball python bites the dart slug but does no damage.
Your ball python completely misses the dart slug.
You hit the ogre.
The ogre is lightly wounded.
The ogre hits you with a giant club! The dart slug misses you.
The hobgoblin barely misses you.
Your ball python bites the dart slug.
Your ball python grabs the dart slug.
Your ball python constricts the dart slug.
You hit the ogre but do no damage. You headbutt the ogre.
The ogre is moderately wounded.
Your transformation is almost over.
Your ball python bites the dart slug but does no damage.
Your ball python constricts the dart slug.
The ogre barely misses you. The dart slug bites your ball python.
Your ball python dies!
The hobgoblin hits you but does no damage.
You hit the ogre.
The ogre is heavily wounded.
The kobold hits you with a club. The ogre hits you with a giant club!
You die...

.<..# .g......#
###...... ..w.......
....... .. #.#.#.....
...... ...
..#.#########....####...
..... ........^.......
...... .....%..(.......
..#.### #......Kw.......
#..O@g.###.#
#..[.......#
.#####..).#....
........<.# ...
######[#### . ....
....#. ....(. . #.....
.#


You could see an ogre, a dart slug, a hobgoblin and a kobold.

Vanquished Creatures
  An orc priest (D:3)
  Jessica (D:2)
  2 worms (D:2)
  A dart slug (D:1)
  A leopard gecko (D:1)
  3 orcs (D:3)
  A ball python (D:1)
  3 giant cockroaches
  5 goblins
  7 hobgoblins
  5 kobolds
  A quokka (D:3)
  2 bats (D:1)
  4 frilled lizards
  5 rats
42 creatures vanquished.

Vanquished Creatures (collateral kills)
  An orc (D:3)
  A giant cockroach (D:3)
2 creatures vanquished.

Grand Total: 44 creatures vanquished

Notes
Turn   | Place    | Note
-------+----------+-------------------------------------------
     0 | D:1      | Mgcat the Draconian Transmuter began the quest for the Orb.
     0 | D:1      | Reached XP level 1. HP: 16/16 MP: 3/3
   298 | D:1      | Reached XP level 2. HP: 22/23 MP: 5/5
   302 | D:1      | Learned a level 2 spell: Sticks to Snakes
   640 | D:1      | Reached skill level 4 in Unarmed Combat
   842 | D:2      | Found a faded altar of an unknown god.
   884 | D:2      | Became a worshipper of Vehumet
   884 | D:2      | Reached * piety under Vehumet
   884 | D:2      | Offered knowledge of Freeze by Vehumet.
   959 | D:2      | Reached XP level 3. HP: 24/28 MP: 4/6
  1223 | D:2      | Noticed Jessica
  1244 | D:2      | Killed Jessica
  1513 | D:2      | Reached XP level 4. HP: 35/35 MP: 4/7
  1587 | D:3      | Noticed an ogre
  1589 | D:3      | Reached skill level 5 in Unarmed Combat
  1845 | D:3      | Slain by an ogre

Vault maps used:
D:1:      minmay_arrival_radiant_lines
D:2:      chequers_ecumenical_altar_simple_redux, uniq_jessica
D:3:      kennysheep_nondescript

Skill      XL: |  1  2  3  4 |
---------------+-------------+-----
Unarmed Combat | 4 5 |  5.4
Fighting       | |  1.1
Dodging        | |  1.7
Spellcasting   | |  2.0
Transmutations | |  2.0

Action                   |  1- 3 |  4- 6 || total
-------------------------+-------+-------++-------
Melee: Unarmed           |   128 |    48 ||   176
       Kick              |    12 |     3 ||    15
       Headbutt          |     8 |     2 ||    10
       Tailslap          |    12 |     1 ||    13
 Cast: Beastly Appendage |    21 |     4 ||    25
       Sticks to Snakes  |       |     2 ||     2
  Eat: Chunk             |     2 |     2 ||     4
Armor: Skin              |    31 |    28 ||    59
Dodge: Dodged            |    65 |    47 ||   112
Block: Other             |     3 |     8 ||    11

Table legend:
 A = Spawn XP
 B = Non-spawn XP
 C = Spawn XP percentage of total XP
 D = Spawn monster count
 E = Non-spawn monster count
 F = Spawn count percentage of total count
 G = Total turns spent on level
                    A         B        C        D         E        F      G
               +---------+---------+-------+---------+---------+-------+---------
         Total |       0 |     160 |   0.0 |       0 |      44 |   0.0 |  1845
               +---------+---------+-------+---------+---------+-------+---------
           D:1 |       0 |      31 |   0.0 |       0 |      18 |   0.0 |   834
           D:2 |       0 |      69 |   0.0 |       0 |      16 |   0.0 |   928
           D:3 |       0 |      60 |   0.0 |       0 |      10 |   0.0 |    83
               +---------+---------+-------+---------+---------+-------+---------

Vault maps used:
D:1:      minmay_arrival_radiant_lines
D:2:      chequers_ecumenical_altar_simple_redux, uniq_jessica
D:3:      kennysheep_nondescript

Table legend:
 A = Turns spent in this place as a percentage of turns spent in the entire game.
 B = Non-inter-level travel turns spent in this place as a percentage of non-inter-level travel turns spent in the entire game.
 C = Inter-level travel turns spent in this place as a percentage of turns spent in this place.
 D = Turns resting spent in this place as a percentage of non-inter-level travel turns spent in this place.
 E = Turns spent auto-exploring this place as a percentage of non-inter-level travel turns spent in this place.
 F = Non-inter-level travel turns spent in this place divided by the number of levels of this place that you've seen.
                   A       B       C       D       E      F
               +-------+-------+-------+-------+-------+----------------------
         Total | 100.0 | 100.0 |   3.5 |   3.5 |  75.2 | 593.3
       Dungeon | 100.0 | 100.0 |   3.5 |   3.5 |  75.2 | 593.3
               +-------+-------+-------+-------+-------+----------------------

Table legend:
 A = Kills in this place as a percentage of kills in entire the game.
 B = Kills by you in this place as a percentage of kills by you in the entire game.
 C = Kills by friends in this place as a percentage of kills by friends in the entire game.
 D = Other kills in this place as a percentage of other kills in the entire game.
 E = Experience gained in this place as a percentage of experience gained in the entire game.
 F = Experience gained in this place divided by the number of levels of this place that you have seen.
                   A       B       C       D       E      F
               +-------+-------+-------+-------+-------+----------------------
         Total | 100.0 | 100.0 | 100.0 |   N/A | 100.0 |  53.3
       Dungeon | 100.0 | 100.0 | 100.0 |   N/A | 100.0 |  53.3
               +-------+-------+-------+-------+-------+----------------------
